 Dungeon Crawl Stone Soup version 0.17-a0-1863-g715b4b0 (webtiles) character file.

76 ithil the Ducker (level 4, -15/34 HPs)
             Began as a Demonspawn Gladiator on Sept 21, 2015.
             Killed from afar by a lich (36 damage)
             ... with a bolt of acid
             ... on level 1 of the Abyss.
             The game lasted 00:06:50 (1207 turns).

ithil the Ducker (Demonspawn Gladiator)             Turns: 1207, Time: 00:06:50

Health: -15/34     AC: 15    Str: 16    XL:     4   Next: 12%
Magic:  0/4        EV:  7    Int:  9    God:
Gold:   74         SH:  0    Dex: 14    Spells: 0 memorised, 3 levels left

rFire  . . .     SeeInvis .     a - +0 war axe
rCold  . . .     Clarity  .     f - +0 chain mail
rNeg   . . .     SustAt   .     (no shield)
rPois  +         Gourm    .     c - +0 helmet
rElec  .         Spirit   +     (no cloak)
rCorr  .         Warding  .     (no gloves)
rMut   .         Stasis   .     i - +2 pair of boots
MR     .....                    (no amulet)
Stlth  ..........               (no ring)
                                q - ring of poison resistance

@: drained, not resistant to hostile enchantments, extremely unstealthy
A: icy blue scales 2, magic shield
a: no special abilities


You were on level 1 of the Abyss.
You were not hungry.

You visited 1 branch of the dungeon, and saw 2 of its levels.
You visited the Abyss 1 time.

You collected 74 gold pieces.

Inventory:

Hand weapons
 a - a +0 war axe (weapon)
 r - the +0 battleaxe of Gaurer {drain, rF+ Int+4, unknown}
   (You found it on level 1 of the Abyss)

   A truly terrible weapon, it drains the life of those it strikes.
   It affects your intelligence (+4).
   It protects you from fire.
Missiles
 d - 4 throwing nets (quivered)
Armour
 b - a +0 leather armour
 c - a +0 helmet (worn)
 f - a +0 chain mail (worn)
 i - a +2 pair of boots (worn)
 j - a +0 ring mail
Jewellery
 q - a ring of poison resistance (left hand)
Scrolls
 h - 4 scrolls of remove curse {unknown}
 k - a scroll of blinking {unknown}
 m - 2 scrolls of enchant weapon {unknown}
 n - a scroll of fog {unknown}
Potions
 l - a potion of ambrosia {unknown}
Books
 p - a book of Party Tricks

   Spells                             Type                      Level
   a - Summon Butterflies             Summoning                    1
   b - Apportation                    Translocation                1
   c - Tukima's Dance                 Hexes                        3
   d - Alistair's Intoxication        Transmutation/Poison         4
   e - Invisibility                   Hexes                        6
Comestibles
 e - 2 bread rations
 o - a meat ration


   Skills:
 + Level 2.3(2.2) Fighting
 + Level 3.1(3.0) Axes
 + Level 2.0(1.9) Throwing
 + Level 1.2(1.1) Armour
 + Level 3.5(3.3) Dodging


You had 3 spell levels left.
You didn't know any spells.

Dungeon Overview and Level Annotations

Branches:
Dungeon (2/15)

Altars:


Innate Abilities, Weirdness & Mutations

You are mostly covered in icy blue scales (AC +3, EV -1).
When hurt, damage is shared between your health and your magic reserves.


Message History

The ufetubus hits you but does no damage.
The ufetubus completely misses you.
The ufetubus hits you but does no damage.
You hit the ufetubus.
You kill the ufetubus!
A spatial vortex comes into view.
A lich comes into view.
The lich shouts!
Found a pair of gloves.
The lich points at you and mumbles some strange words.
You suddenly lose the ability to move!
The lich touches you!
You can move again.
A giant orange brain comes into view.
You closely miss the lich. The lich touches you.
You barely miss the lich.
The lich gestures at you while chanting.
The bolt of acid hits you!
Ouch! That really hurt!
You die...

#v #. ..# ..#
#. ### #.##.
#.####
#..#..###....
. ###..
...##.# #
..#v##...#.###
#.#.........#.
#....(##.....#
#..#..@L### .
#.. ###.##G#.
. .. ....#
.#.. .. .....
.#.... ..
###..##...#.#
. .[. .#.#..
#### #....# #
.


You could see a lich, a giant orange brain and a spatial vortex.

Vanquished Creatures
  A gnoll (D:2)
  2 adders (D:2)
  An ufetubus (Abyss:1)
  A worm (D:2)
  2 giant geckos
  A bat (D:1)
  3 giant cockroaches
  5 goblins
  6 hobgoblins
  2 jackals (D:2)
  9 kobolds
  2 ball pythons
  2 giant newts
  2 rats (D:2)
39 creatures vanquished.

Notes
Turn   | Place    | Note
--------------------------------------------------------------
     0 | D:1      | ithil the Demonspawn Gladiator began the quest for the Orb.
     0 | D:1      | Reached XP level 1. HP: 16/16 MP: 1/1
   163 | D:1      | Gained mutation: You are partially covered in icy blue scales (AC +1). [demonic ancestry]
   163 | D:1      | Reached XP level 2. HP: 12/22 MP: 2/2
   170 | D:1      | Reached skill level 3 in Dodging
   816 | D:2      | Gained mutation: When hurt, damage is shared between your health and your magic reserves. [demonic ancestry]
   816 | D:2      | Reached XP level 3. HP: 25/27 MP: 3/3
   885 | D:2      | Reached skill level 1 in Armour
  1146 | D:2      | Paralysed by a gnoll for 4 turns
  1153 | D:2      | Gained mutation: You are mostly covered in icy blue scales (AC +3, EV -1). [demonic ancestry]
  1153 | D:2      | Reached XP level 4. HP: 32/34 MP: 4/4
  1154 | D:2      | Cast into the Abyss (gnoll)
  1165 | Abyss:1  | Got a steaming battleaxe
  1197 | Abyss:1  | Noticed a spatial vortex
  1202 | Abyss:1  | Noticed a spatial vortex
  1203 | Abyss:1  | Noticed a lich
  1204 | Abyss:1  | Paralysed by a lich for 2 turns
  1206 | Abyss:1  | Noticed a giant orange brain
  1207 | Abyss:1  | Killed from afar by a lich

Vault maps used:
D:1:      tarquinn_simple_flora_water_d
D:2:      tgw_xom, minivault_23, elyvilon_altar_1

Action                   |  1- 3 |  4- 6 || total
-------------------------+-------+-------++-------
Melee: War axe           |   120 |     6 ||   126
  Use: Potion            |     3 |       ||     3
       Scroll            |     1 |       ||     1
  Eat: Chunk             |     1 |       ||     1
